 Dungeon Crawl Stone Soup version 0.28-a0-1344-g6b9ff3a05d (webtiles) character file.

Game seed: 1483840930037495242

866 Deminshera the Bolt Thrower (level 7, -2/69 HPs)
             Began as a Deep Dwarf Hunter on Dec 29, 2021.
             Was a Believer of Dithmenos.
             Slain by a killer bee zombie (3 damage)
             ... on level 5 of the Dungeon.
             The game lasted 00:06:10 (4451 turns).

Deminshera the Bolt Thrower (Deep Dwarf Hunter)     Turns: 4451, Time: 00:06:11

Health: -2/69      AC:  6    Str: 18    XL:     7   Next: 72%
Magic:  1/1        EV: 11    Int: 14    God:    Dithmenos [**....]
Gold:   254        SH:  0    Dex:  8    Spells: 6/6 levels left

rFire   . . .      SeeInvis +   b - +0 short sword
rCold   . . .      Faith    +   (no shield)
rNeg    + . .      Spirit   .   c - +0 leather armour
rPois   .          Reflect  .   k - +2 helmet {Int+3}
rElec   .          Harm     .   (no cloak)
rCorr   .          Rampage  .   (no gloves)
Will    +....                   (no boots)
Stlth   ++........              q - amulet "Sakkeo" {Faith rN+ Regen+ Dex-5 SInv}
HPRegen 0.00/turn               (no ring)
MPRegen 0.07/turn               (no ring)

@: wreathed by umbra
A: damage resistance, heal wounds, sense surroundings 1, no regeneration
a: Heal Wounds, Renounce Religion, Shadow Step


You were on level 5 of the Dungeon.
You worshipped Dithmenos.
Dithmenos was pleased with you.
You visited 1 branch of the dungeon, and saw 5 of its levels.

You collected 254 gold pieces.

Inventory:

Hand Weapons
 a - a +1 hand crossbow
 b - a +0 short sword (weapon)
Missiles
 d - 6 bolts
Armour
 c - a +0 leather armour (worn)
 k - a +2 helmet of intelligence (worn)
 s - a +0 pair of boots
Jewellery
 q - the amulet "Sakkeo" (around neck) {Faith rN+ Regen+ Dex-5 SInv}
   (You took it off a goblin on level 3 of the Dungeon)

   [amulet of faith]

   It allows you to gain divine favour quickly.
   Dex:       It affects your dexterity (-5).
   rN:        It protects you from negative energy.
   SInv:      It lets you see invisible.
   Regen:     It increases your rate of health regeneration.
Wands
 w - a wand of iceblast (5)
Scrolls
 e - 3 scrolls of identify
 g - 2 scrolls of holy word {unknown}
 j - a scroll of amnesia {unknown}
 n - a scroll of enchant weapon {unknown}
 p - 2 scrolls of enchant armour {unknown}
 r - 2 scrolls of noise {unknown}
 t - 2 scrolls of magic mapping {unknown}
 v - a scroll of blinking {unknown}
 x - a scroll of vulnerability {unknown}
 y - a scroll of teleportation {unknown}
Potions
 f - 2 potions of lignification
 h - 2 potions of attraction
 i - a potion of mutation {unknown}
 l - a potion of flight
 m - a potion of haste
 o - 2 potions of curing
 u - a potion of cancellation {unknown}


   Skills:
 + Level 6.1 Fighting
 + Level 7.7 Crossbows
 - Level 2.1 Dodging
 - Level 2.0 Stealth


You had 6 spell levels left.
You didn't know any spells.
Your spell library contained the following spells:

 Spells                   Type           Power      Damage    Failure   Level
 Shock                    Conj/Air       0%         1d3       34%         1
 Slow                     Hex            0%         N/A       34%         1
 Corpse Rot               Necr/Air       0%         N/A       45%         2
 Confusing Touch          Hex            0%         N/A       71%         3
 Swiftness                Air            0%         N/A       71%         3
 Vampiric Draining        Necr           0%         2d6       71%         3
 Airstrike                Air            0%         N/A       98%         4
 Dispel Undead            Necr           0%         3d6       98%         4
 Fireball                 Conj/Fire      0%         3d3       100%        5
 Iskenderun's Battlesphe  Conj           0%         2d6       100%        5
 Conjure Ball Lightning   Conj/Air       0%         3x3d6     100%        6
 Death Channel            Necr           0%         N/A       100%        6
 Orb of Destruction       Conj           0%         N/A       100%        7


Dungeon Overview and Level Annotations

Branches:
Dungeon (5/15)
 Temple: D:4-7

Altars:
Dithmenos
Okawaru


Innate Abilities, Weirdness & Mutations

You are resistant to damage.
You can heal yourself by infusing magical energy.
You passively map a small area around you.
You do not regenerate.


Message History

You are too injured to fight recklessly!
You are too injured to fight recklessly!
You are too injured to fight recklessly!
You are too injured to fight recklessly!
You are too injured to fight recklessly!
You are too injured to fight recklessly!
You are too injured to fight recklessly!
You are too injured to fight recklessly!
You hit the ogre but do no damage. The hound bites you.
The killer bee zombie hits you. The hound bites you but does no damage.
The orc hits you but does no damage. The ogre closely misses you.
The killer bee zombie hits you but does no damage.
You hit the ogre.
The ogre is lightly wounded.
The hound bites you but does no damage.
The killer bee zombie hits you but does no damage.
The orc misses you. The hound bites you but does no damage.
The killer bee zombie misses you.
You barely miss the ogre.
The ogre is lightly wounded.
The killer bee zombie hits you. The hound bites you but does no damage.
The ogre hits you with a +0 giant club!
* * * LOW HITPOINT WARNING * * *
The orc hits you with a +0 whip.
* * * LOW HITPOINT WARNING * * *
The killer bee zombie hits you but does no damage.
The hound bites you.
* * * LOW HITPOINT WARNING * * *
You hit the ogre.
The ogre is moderately wounded.
The killer bee zombie hits you.
* * * LOW HITPOINT WARNING * * *
The ogre hits you with a +0 giant club!
* * * LOW HITPOINT WARNING * * *
The hound bites you but does no damage. The orc barely misses you.
The killer bee zombie hits you.
You hit the ogre.
The ogre is heavily wounded.
The hound completely misses you. The killer bee zombie hits you.
You die...

# * # * , * .. , # , , ,.# * #.#*
, #..** * #.# ,*, ###.# # * #.# ,
,...# .# .., #.# # #..# .#### .#
#.# #., #..#*......, .. #.#
###..##@O##...# #.## #.#
#.....ohZ.....# ###..
###.######.##.##...#########.#.#.
...........##.....#..§.hh....#...
####.##########...##.###OZ...'.#?
#.# ##..##.##.##.##.(#... #.#
######..#.##..###O##§.#§#. #.#
#.....(....#.## #.##..#... #.#
#.####..###..# #.#####.##


You could see an ogre, a hound, an orc and a killer bee zombie.

Vanquished Creatures
  A black bear (D:5)
  A centaur (D:5)
  2 ogres
  A phantom (D:5)
  2 scorpions
  A howler monkey (D:5)
  A centaur zombie (D:5)
  An orc priest (D:5)
  A centaur skeleton (D:4)
  A bullfrog skeleton (D:4)
  2 iguanas (D:4)
  A hound skeleton (D:4)
  3 adders
  2 worms (D:2)
  An adder skeleton (D:4)
  A dart slug (D:2)
  3 orcs
  7 bats
  7 endoplasms
  3 giant cockroaches
  9 goblins
  17 hobgoblins
  5 quokkas
  4 ball pythons
  A frilled lizard (D:1)
  6 kobolds
  6 rats
90 creatures vanquished.

Vanquished Creatures (others)
  11 plants (D:1)
11 creatures vanquished.

Grand Total: 101 creatures vanquished

Notes
Turn   | Place    | Note
-------+----------+-------------------------------------------
     0 | D:1      | Deminshera the Deep Dwarf Hunter began the quest for the
                  | Orb.
     0 | D:1      | Reached XP level 1. HP: 19/19 MP: 1/1
   190 | D:1      | Reached XP level 2. HP: 24/26 MP: 2/2
   559 | D:1      | Reached XP level 3. HP: 34/34 MP: 2/2
   891 | D:2      | Found a shadowy altar of Dithmenos.
   972 | D:2      | Became a worshipper of Dithmenos the Shadowed
  1896 | D:3      | Identified the amulet "Sakkeo" {Faith rN+ Regen+ Dex-5
                  | SInv}
  2015 | D:3      | Reached XP level 4. HP: 31/42 MP: 3/3
  2229 | D:4      | Noticed a scorpion
  2238 | D:3      | Killed a scorpion
  2239 | D:3      | Reached skill level 5 in Crossbows
  2307 | D:4      | Reached XP level 5. HP: 33/50 MP: 4/4
  2435 | D:4      | Reached * piety under Dithmenos
  2473 | D:4      | Found an iron altar of Okawaru.
  3039 | D:4      | Reached skill level 6 in Crossbows
  3039 | D:4      | Reached XP level 6. HP: 47/58 MP: 4/4
  3421 | D:4      | Reached skill level 5 in Fighting
  3599 | D:4      | Found a shadowy altar of Dithmenos.
  4011 | D:5      | Entered Level 5 of the Dungeon
  4150 | D:5      | Reached XP level 7. HP: 24/67 MP: 4/4
  4155 | D:5      | Reached skill level 7 in Crossbows
  4425 | D:5      | Reached ** piety under Dithmenos
  4450 | D:5      | HP: 1/69 [ogre (14)]
  4451 | D:5      | Slain by a killer bee zombie

Illustrated notes

Levels and vault maps discovered:
D:1:      heliophobic_arrival_dark_side_of_the_moon, layout_rooms,
          serial_bayou_lagoon_a, minmay_surrounded
D:2:      layout_basic, serial_glass, glass_columns_a, glass_columns_b,
          basic_altar, minmay_goblin_kobold_house
D:3:      layout_rooms
D:4:      cheibrodos_helix_gallery, layout_layer_cave,
          nicolae_dithmenos_the_darkroom, mainiacjoe_overflow_catwalk,
          minmay_starry_boxes
D:5:      layout_loops_ring, hangedman_minor_gate_pass

Skill      XL: |  1  2  3  4  5  6  7 |
---------------+----------------------+-----
Fighting       | 2 3 4 5 6 |  6.1
Stealth        | 2 |  2.0
Crossbows      | 5 6 7 |  7.7
Dodging        | |  2.1

Action                   |  1- 3 |  4- 6 |  7- 9 || total
-------------------------+-------+-------+-------++-------
Melee: Short sword       |   158 |   189 |    54 ||   401
 Fire: Hand crossbow     |    40 |    15 |       ||    55
 Abil: Heal Wounds       |     1 |     6 |     6 ||    13
  Use: Scroll            |       |     5 |       ||     5
       Potion            |       |     2 |       ||     2
 Stab: Sleeping          |     1 |     1 |       ||     2
Armor: Leather armour    |    53 |    92 |    41 ||   186
Dodge: Dodged            |   150 |   171 |    89 ||   410

Table legend: (Time is in decaauts)
 A = Elapsed time spent in this place.
 B = Non-inter-level travel time spent in this place.
 C = Inter-level travel time spent in this place.
 D = Time resting spent in this place.
 E = Time spent auto-exploring this place.
 F = Levels seen in this place.
 G = Mean time per level.
                   A        B        C        D        E       F      G
               +--------+--------+--------+--------+--------+-----+--------+
         Total |   4518 |   4336 |    182 |   1160 |   2312 |   5 |  903.6 |
       Dungeon |   4518 |   4336 |    182 |   1160 |   2312 |   5 |  903.6 |
               +--------+--------+--------+--------+--------+-----+--------+

Top non-repeatable levels by time:
     D:4: 1741 daAuts
     D:2: 1127 daAuts
     D:1: 741 daAuts
     D:3: 461 daAuts
     D:5: 447 daAuts
